 Dungeon Sprint DCSS version 0.29.1-12-g30fa7ad0bf (webtiles) character file.

Game seed: 8051394112542755489

5 112233 the Ducker (level 1, -1/16 HPs)
             Began as an Octopode Monk on Dec 25, 2022.
             Killed by divine providence
             ... invoked by an orc priest
              (17 damage)
             ... in the Dungeon (Sprint IX: "|||||||||||||||||||||||||||||").
             The game lasted 00:00:10 (62 turns).

112233 the Ducker (Octopode Monk)                     Turns: 62, Time: 00:00:12

Health: -1/16      AC:  1    Str: 10    XL:     1   Next: 80%
Magic:  1/1        EV: 14    Int: 12    God:
Gold:   0          SH:  0    Dex: 14    Spells: 0/0 levels left

rFire   . . .      SeeInvis .   a - +0 falchion
rCold   . . .      Faith    .   (no shield)
rNeg    . . .      Spirit   .   (helmet restricted)
rPois   .          Reflect  .   (no amulet)
rElec   .          Harm     .   (no ring)
rCorr   .          Rampage  .   (no ring)
Will    .....      NoTele   +   (no ring)
Stlth   +++.......              (no ring)
HPRegen 0.05/turn               (no ring)
MPRegen 0.07/turn               (no ring)
                                (no ring)
                                (no ring)

@: no status effects
A: almost no armour, amphibious, 8 rings, camouflage 1, gelatinous body 1,
(nimble swimmer 1), tentacles
a: no special abilities


You were in the Dungeon.
You visited 1 branch

Inventory:

Hand Weapons
 a - a +0 falchion (weapon)
Scrolls
 h - a scroll of blinking
Potions
 b - a potion of ambrosia
 c - a potion of curing
 d - a potion of heal wounds
 e - a potion of haste
 f - 2 potions of magic
 g - a potion of berserk rage


   Skills:
 + Level 3.5 Fighting
 + Level 3.6 Long Blades
 + Level 3.6 Dodging
 - Level 2.6 Stealth


You couldn't memorise any spells.
You didn't know any spells.
Your spell library was empty.

Dungeon Overview and Level Annotations

Branches:
Dungeon (1/1)

Altars:


Innate Abilities, Weirdness & Mutations

You cannot wear most types of armour.
You are amphibious.
You can wear up to eight rings at the same time.
Your skin changes colour to match your surroundings (Stealth+).
Your rubbery body absorbs attacks. (AC +1, EV +1)
((You are camouflaged when in or above water. (Stealth+)))
You have tentacles for arms and can constrict up to eight enemies at once.


Message History

The helpless rat fails to defend itself.
You hit the rat.
You kill the rat!
The endoplasm quivers.
The goblin shouts!
The bat misses you. The bat hits you.
You see here a rat corpse.
You hit the bat.
You kill the bat!
You closely miss the goblin. Your grab misses the goblin.
The goblin closely misses you.
You hit the goblin. You grab the goblin.
The goblin is severely wounded.
You constrict the goblin.
You kill the goblin!
The kobold throws a stone.
The stone barely misses you. The kobold hits you with a +0 dagger.
You see here a +0 club.
You hit the kobold. You grab the kobold.
The kobold is heavily wounded.
You constrict the kobold.
You kill the kobold!
You hit the endoplasm.
You kill the endoplasm!
Things that are here:
a +0 dagger; 5 stones You start resting.
HP restored.
You open the door.
An iguana, a hound, 2 orcs and an adder come into view.
There is an open door here.
The helpless orc fails to defend itself.
You hit the orc. You grab the orc.
The orc is moderately wounded.
You constrict the orc. The orc misses you.
The orc priest invokes the aid of Beogh against you.
Beogh smites you!
Ouch! That really hurt!
You die...

▓+▓
▓l▓
▓h▓
▓o▓
▓S▓
▓o▓
▓@▓
▓.▓
▓.▓
▓)▓
▓)▓
▓†▓
▓'▓
▓.▓
▓.▓


You could see an iguana (asleep), a hound, an orc priest, an adder (asleep) and
an orc.

Vanquished Creatures
  A bat (D)
  An endoplasm (D)
  A kobold (D)
  A goblin (D)
  A rat (D)
5 creatures vanquished.

Notes
Turn   | Place    | Note
-------+----------+-------------------------------------------
     0 | D        | 112233 the Octopode Monk began the quest for the Orb.
     0 | D        | Reached XP level 1. HP: 16/16 MP: 1/1
    60 | D        | Noticed an iguana
    60 | D        | Noticed a hound
    60 | D        | Noticed an orc priest
    62 | D        | Killed from afar by an orc priest

Illustrated notes

Levels and vault maps discovered:
D:        linesprint [early_d, line_temple, items_1, d_10, items_2, lair_1,
          lair_end, items_3, orc_1, orc_end, items_4, d_15, swamp_1, shoals_1,
          snake_1, spider_1, d_20, vaults_1, items_5, swamp_end, shoals_end,
          snake_end, spider_end, vaults_end, d_27, items_6, zot_1, zot_end,
          crypt_end, forest_end, elf_end, slime_end, tomb_end, abyss_end,
          pan_hell_end]

Action                   || total
-------------------------++-------
Melee: Falchion          ||     7
       Constrict         ||     3
 Stab: Sleeping          ||     2
Dodge: Dodged            ||     4
